 Dungeon Crawl Stone Soup version 0.29-a0-284-gf9362112df (webtiles) character file.

Game seed: 7727358098542374331

1458 sokol815 the Firebug (level 8, -3/69 HPs)
             Began as an Octopode Fire Elementalist on Mar 23, 2022.
             Was an Initiate of Vehumet.
             Slain by Duvessa
             ... wielding a +0 short sword
              (8 damage)
             ... on level 6 of the Dungeon.
             The game lasted 00:24:20 (9418 turns).

sokol815 the Firebug (Octopode Fire Elementalist)   Turns: 9418, Time: 00:24:21

Health: -3/69      AC: 24    Str:  8    XL:     8   Next: 76%
Magic:  8/11       EV:  2    Int: 19    God:    Vehumet [......]
Gold:   365        SH:  0    Dex: 12    Spells: 3/11 levels left

rFire   . . .      SeeInvis +   a - +1 short sword (flame)
rCold   . . .      Faith    .   (no shield)
rNeg    . . .      Spirit   .   (helmet currently unavailable)
rPois   +          Reflect  .   (no amulet)
rElec   .          Harm     .   V - ring of see invisible {sInv, !d}
rCorr   +          Rampage  .   X - ring of resist corrosion
Will    .....      NoTele   +   E - +4 ring of evasion
Stlth   +.........              (no ring)
HPRegen 0.21/turn               (no ring)
MPRegen 0.12/turn               (no ring)
                                (no ring)
                                (no ring)

@: lit by a corona, tree-form, glowing
A: stationary, stasis, torment immunity, boosted hp, almost no armour,
(amphibious), 8 rings, (camouflage 1), (gelatinous body 1), (nimble swimmer 1),
(tentacles)
a: Renounce Religion


You were on level 6 of the Dungeon.
You worshipped Vehumet.
Vehumet was noncommittal.
You were a tree.
You visited 2 branches of the dungeon, and saw 7 of its levels.

You collected 365 gold pieces.

Inventory:

Hand Weapons
 a - a +1 short sword of flaming (weapon)
   (You took it off a kobold on level 1 of the Dungeon)
 b - a +0 club
   (You took it off a goblin on level 1 of the Dungeon)
 g - a +1 mace of draining
   (You found it on level 4 of the Dungeon)
Missiles
 f - 10 poisoned darts
 k - 2 silver javelins
 s - 230 stones
Armour
 m - an orb of guile
   (You found it on level 3 of the Dungeon)
Magical Staves
 c - a staff of fire {rF+}
   (You found it on level 6 of the Dungeon)
 l - a staff of air {rElec}
   (You found it on level 3 of the Dungeon)
Jewellery
 E - a +4 ring of evasion (on tentacle)
   (You took it off an orc on level 6 of the Dungeon)
 V - a ring of see invisible (left branch) {sInv, !d}
   (You found it on level 1 of the Dungeon)
 X - a ring of resist corrosion (right branch)
   (You found it on level 2 of the Dungeon)
Wands
 h - a wand of acid (3)
   (You found it on level 5 of the Dungeon)
 j - a wand of polymorph (9)
   (You found it on level 4 of the Dungeon)
 p - a wand of paralysis (4)
   (You found it on level 4 of the Dungeon)
Scrolls
 i - 3 scrolls of amnesia
Potions
 d - a potion of attraction {!q}
 B - 4 potions of brilliance
 M - a potion of magic
 T - a potion of berserk rage {!q}


   Skills:
 - Level 2.0 Dodging
 - Level 2.6 Stealth
 - Level 2.0 Spellcasting
 + Level 7.8 Conjurations
 + Level 7.8 Fire Magic


You had 3 spell levels left.
You knew the following spells:

 Your Spells              Type           Power      Damage    Failure   Level
a - Foxfire               Conj/Fire      100%       2x1d9     1%          1
b - Flame Wave            Conj/Fire      31%        2d8       7%          4
s - Swiftness             Air            1%         N/A       45%         3

Your spell library contained the following spells:

 Spells                   Type           Power      Damage    Failure   Level
 Scorch                   Fire           62%        2d8       1%          2
 Conjure Flame            Conj/Fire      31%        6-21      1%          3
 Inner Flame              Hex/Fire       16%        N/A       11%         3
 Beastly Appendage        Tmut           2%         N/A       17%         1
 Summon Small Mammal      Summ           4%         N/A       17%         1
 Corpse Rot               Necr/Air       2%         N/A       26%         2
 Ensorcelled Hibernation  Hex/Ice        2%         N/A       26%         2
 Passwall                 Tmut/Erth      0%         N/A       26%         2
 Poisonous Vapours        Pois/Air       2%         N/A       26%         2
 Wereblood                Tmut           1%         N/A       26%         2
 Call Canine Familiar     Summ           1%         N/A       45%         3
 Spider Form              Tmut/Pois      1%         N/A       45%         3
 Summon Guardian Golem    Hex/Summ       1%         N/A       45%         3
 Hailstorm                Conj/Ice       16%        3d6       34%         4
 Ice Form                 Ice/Tmut       1%         N/A       86%         4
 Summon Ice Beast         Ice/Summ       1%         N/A       86%         4
 Summon Mana Viper        Hex/Summ       1%         N/A       99%         5
 Simulacrum               Ice/Necr       0%         N/A       100%        6
 Summon Cactus Giant      Summ           0%         N/A       100%        6
 Monstrous Menagerie      Summ           0%         N/A       100%        7


Dungeon Overview and Level Annotations

Branches:
Dungeon (6/15)             Temple (1/1) D:5

Altars:
Ashenzari
Cheibriados
Fedhas
Hepliaklqana
Makhleb
Okawaru
Qazlal
Ru
Sif Muna
Trog
Uskayaw
Vehumet
Wu Jian
Xom
Yredelemnul
Zin
The Shining One
Ignis

Annotations:
D:2 Natasha
D:4 exclusions: black bear and centaur
D:5 exclusions: gnoll, jelly and steam dragon
D:6 Dowan, Duvessa


Innate Abilities, Weirdness & Mutations

You are a tree.
Your roots penetrate the ground, keeping you stationary.
You cannot be teleported.
You are immune to unholy pain and torment.
Your maximum health is greatly increased.
You cannot wear most types of armour.
((You are amphibious.))
You can wear up to eight rings at the same time.
((Your skin changes colour to match your surroundings (Stealth+).))
((Your rubbery body absorbs attacks. (AC +1, EV +1)))
((You are camouflaged when in or above water. (Stealth+)))
((You have tentacles for arms and can constrict up to eight enemies at once.))


Message History

Duvessa shouts!
There is a stone staircase leading up here.
You feel a surge of power!
You conjure some foxfire!
You now have 10/11 mp.
The foxfire hits Duvessa but does no damage.
Dowan casts a spell.
Dowan blinks!
There is a stone staircase leading down here.
MP restored: 11 You feel a surge of power!
You conjure some foxfire!
You now have 10/11 mp.
You feel a surge of power!
You conjure some foxfire!
The foxfire hits Duvessa but does no damage. x2
Dowan points at you and mumbles some strange words.
The puff of flame hits you. You resist.
You take 5 damage, and have 41/46 hp.
You now have 9/11 mp.
You feel a surge of power!
You conjure some foxfire!
The foxfire hits Duvessa.
Duvessa resists.
The foxfire hits Duvessa but does no damage.
You now have 8/11 mp.
You feel a surge of power!
You conjure some foxfire!
The foxfire hits Duvessa but does no damage. x3
You now have 7/11 mp.
You feel a surge of power!
You conjure some foxfire!
The foxfire hits Duvessa but does no damage.
You now have 6/11 mp.
You feel a surge of power!
You conjure some foxfire!
The foxfire hits Duvessa but does no damage.
The foxfire hits Duvessa.
Duvessa resists.
Dowan gestures wildly while chanting.
Dowan blinks!
You now have 5/11 mp.
You feel a surge of power!
You conjure some foxfire!
The foxfire hits Duvessa but does no damage.
The foxfire hits Duvessa.
Duvessa resists.
Dowan gestures wildly while chanting.
Dowan blinks!
Duvessa hits you with a +0 short sword.
You take 6 damage, and have 36/46 hp.
You now have 4/11 mp.
The foxfire hits Duvessa but does no damage.
Duvessa hits you with a +0 short sword!
You take 12 damage, and have 24/46 hp.
MASSIVE DAMAGE!!
Dowan gestures at Duvessa while chanting.
Duvessa seems to speed up.
There is an open door here.
Duvessa attacks as you move away! Duvessa hits you with a +0 short sword.
Duvessa closely misses you.
You take 6 damage, and have 19/46 hp.
Duvessa hits you with a +0 short sword.
You take 4 damage, and have 15/46 hp.
Duvessa attacks as you move away! Duvessa hits you with a +0 short sword.
* * * LOW HITPOINT WARNING * * *
You take 1 damage, and have 14/46 hp.
Dowan casts a spell at you.
You are outlined in light.
Dowan points at you and mumbles some strange words.
The puff of flame hits you. You resist.
* * * LOW HITPOINT WARNING * * *
You take 5 damage, and have 9/46 hp.
Duvessa says, "When magic and the sword combine, nothing stands against them."
Duvessa says, "When magic and the sword combine, nothing stands against them."
Duvessa says, "Where magic fails, the sword succeeds!"
Okay, then.
You feel much better. Duvessa completely misses you.
You regained 24 hp, and now have 34/46 hp.
Aim: Duvessa, wielding a +0 short sword and wearing a +1 chain mail of fire resistance (lightly wounded, fast, chance to affect: 31%)
Okay, then.
Aim: Duvessa, wielding a +0 short sword and wearing a +1 chain mail of fire resistance (lightly wounded, fast, 83% to hit)
The bolt of acid hits Duvessa but does no damage.
Duvessa hits you with a +0 short sword! Duvessa closely misses you.
You take 8 damage, and have 26/46 hp.
Unknown command.
Aim: Duvessa, wielding a +0 short sword and wearing a +1 chain mail of fire resistance (lightly wounded, fast, chance to affect: 31%) Duvessa easily resists.
Duvessa closely misses you.
Aim: Duvessa, wielding a +0 short sword and wearing a +1 chain mail of fire resistance (lightly wounded, fast, chance to affect: 31%) Duvessa easily resists.
Duvessa hits you with a +0 short sword! Duvessa hits you with a +0 short sword.
* * * LOW HITPOINT WARNING * * *
You take 15 damage, and have 11/46 hp.
MASSIVE DAMAGE!!
Really quaff
P - a potion of lignification {!q}?
Really quaff the potion of lignification?
You turn into a tree.
Your roots penetrate the ground.
Duvessa hits you but does no damage.
You now have 17/69 hp.
Your +1 short sword of flaming bursts into flame!
a - a +1 short sword of flaming (weapon)
Duvessa hits you with a +0 short sword!
* * * LOW HITPOINT WARNING * * *
You take 8 damage, and have 9/69 hp.
It was a potion of flight.
Your roots keep you in place.
Duvessa hits you but does no damage. x2
You hit Duvessa but do no damage. Duvessa hits you with a +0 short sword.
* * * LOW HITPOINT WARNING * * *
You take 5 damage, and have 4/69 hp.
You hit Duvessa but do no damage. Duvessa hits you but does no damage.
Duvessa completely misses you.
You hit Duvessa. Duvessa hits you but does no damage.
Duvessa hits you with a +0 short sword!
You die...

#.#...##.#.≈..§..e.≈≈≈≈≈≈≈..
#........##≈.######......≈.<
###.######≈.#.....#####.≈..
#####.####
#≈.#.≈≈≈≈....#.≈..
#........#
#≈.#.≈...≈≈≈.#.≈..
#.###.##.#
#≈.#.≈.##._≈.#.≈.. #.#
#.##.# #≈.#.≈.#...≈.#.≈..
#.#
#.##.###e#.≈.#...≈.#.≈.#)
#.#
#.......♣#.≈.#_.≈≈.#.≈.#.
#.#
####.###.#.≈.###..?#.≈.#.
#.# #.# #.#.≈....####.≈.#.
#.######.#
#.#.≈≈≈≈≈.....≈.#.
#........#
#.#......≈≈≈≈≈≈.#.
##########
#.#######.......##
#........######## ########
####...### #......# #...#


You could see Duvessa (fast).

Vanquished Creatures
  2 water moccasins (D:6)
  2 black bears (D:6)
  2 ogres
  An ice beast (D:6)
  A sky beast (D:6)
  A phantom (D:6)
  2 scorpions (D:5)
  An electric eel (D:6)
  A howler monkey (D:5)
  3 hounds (D:6)
  An orc priest (D:5)
  A scorpion zombie (D:2)
  3 iguanas
  An orc wizard (D:5)
  9 adders
  A shadow imp (D:6)
  2 white imps (D:6)
  An ufetubus (D:5)
  An adder skeleton (D:2)
  A worm (D:4)
  3 dart slugs
  6 orcs
  4 ball pythons
  A bat skeleton (D:2)
  7 endoplasms
  3 giant cockroaches
  3 goblins
  8 hobgoblins
  4 quokkas
  5 bats
  4 frilled lizards
  A jackal skeleton (D:2)
  4 kobolds
  9 rats
99 creatures vanquished.

Vanquished Creatures (others)
  353 foxfires
353 creatures vanquished.

Grand Total: 452 creatures vanquished

Notes
Turn   | Place    | Note
-------+----------+-------------------------------------------
     0 | D:1      | sokol815 the Octopode Fire Elementalist began the quest for
                  | the Orb.
     0 | D:1      | Reached XP level 1. HP: 11/11 MP: 3/3
   440 | D:1      | Reached skill level 2 in Conjurations
   440 | D:1      | Reached XP level 2. HP: 17/17 MP: 1/5
  1270 | D:1      | Reached XP level 3. HP: 21/21 MP: 0/6
  1564 | D:2      | Found a faded altar of an unknown god.
  1574 | D:2      | Reached skill level 3 in Conjurations
  2281 | D:2      | Noticed Natasha
  2305 | D:2      | Reached XP level 4. HP: 18/27 MP: 1/7
  2746 | D:2      | Found an iron altar of Okawaru.
  2769 | D:2      | You fall into a shaft and drop 2 floors!
  2928 | D:4      | Found a blossoming altar of Fedhas.
  3186 | D:3      | Reached XP level 5. HP: 31/31 MP: 5/8
  3461 | D:3      | Reached skill level 4 in Conjurations
  3461 | D:3      | Reached skill level 4 in Fire Magic
  3946 | D:4      | Found a glowing silver altar of Zin.
  3947 | D:4      | Noticed a centaur
  4138 | D:4      | Noticed a black bear
  4355 | D:4      | Learned a level 4 spell: Flame Wave
  4359 | D:4      | Learned a level 3 spell: Swiftness
  4775 | D:4      | Found a sacrificial altar of Ru.
  5078 | D:5      | Entered Level 5 of the Dungeon
  5353 | D:5      | Reached XP level 6. HP: 31/36 MP: 7/9
  5914 | D:5      | HP: 6/36 [ogre/+0 giant spiked club (30)]
  5919 | D:5      | Reached skill level 5 in Conjurations
  5919 | D:5      | Reached skill level 5 in Fire Magic
  6165 | D:5      | Found a staircase to the Ecumenical Temple.
  6181 | Temple   | Entered the Ecumenical Temple
  6264 | Temple   | Became a worshipper of Vehumet
  6318 | D:5      | Noticed a steam dragon
  6590 | D:5      | Reached XP level 7. HP: 41/41 MP: 5/10
  7212 | D:6      | Reached skill level 6 in Conjurations
  7212 | D:6      | Reached skill level 6 in Fire Magic
  7314 | D:6      | Reached XP level 8. HP: 46/46 MP: 4/11
  7581 | D:6      | HP: 10/46 [poisoned by a water moccasin]
  7585 | D:6      | HP: 3/46 [poisoned by a water moccasin]
  7855 | D:6      | Reached skill level 7 in Conjurations
  7855 | D:6      | Reached skill level 7 in Fire Magic
  7988 | D:6      | Found a hide-covered altar of Uskayaw.
  8116 | D:6      | Found a shimmering blue altar of Sif Muna.
  8120 | D:6      | HP: 2/46 [electric eel/bolt of electricity (12)]
  8427 | D:6      | Noticed Dowan
  9354 | D:6      | Noticed Duvessa
  9401 | D:6      | HP: 9/46 [Dowan/puff of flame (5)]
  9412 | D:6      | HP: 11/46 [Duvessa/+0 short sword (5)]
  9416 | D:6      | HP: 4/69 [Duvessa/+0 short sword (5)]
  9418 | D:6      | Slain by Duvessa

Illustrated notes

Levels and vault maps discovered:
D:1:      minmay_arrival_up_and_down, layout_loops_corners,
          minmay_misc_feat_rows, minmay_split_cup_small
D:2:      layout_loops_corners, chequers_ecumenical_altar_simple, serial_undead,
          serial_undead_b, serial_undead_a, serial_undead_a, serial_undead_a,
          serial_undead_a, basic_altar, uniq_natasha
D:3:      layout_loops_ring
D:4:      layout_loops_ring, lemuel_tele_altar, fedhas_altar_3,
          nicolae_ru_the_path_less_chosen
D:5:      layout_loops_corners, minmay_temple_entry_offerings
D:6:      layout_loops_corners, nicolae_overflow_squiral, uniq_duvessa
Temple:   ebering_untended_altars

Skill      XL: |  1  2  3  4  5  6  7  8 |
---------------+-------------------------+-----
Conjurations   | 2 3 4 5 6 7 |  7.8
Fire Magic     | 4 5 6 7 |  7.8
Dodging        | |  2.0
Stealth        | |  2.6
Spellcasting   | |  2.0

Action                   |  1- 3 |  4- 6 |  7- 9 || total
-------------------------+-------+-------+-------++-------
Melee: Unarmed           |     8 |       |       ||     8
       Constrict         |     8 |    14 |     1 ||    23
       Short sword       |    10 |    45 |    10 ||    65
       Tentacles         |     3 |     8 |     4 ||    15
       Staff             |       |       |     4 ||     4
 Cast: Foxfire           |    66 |    48 |    91 ||   205
Evoke: Wand              |       |       |     3 ||     3
  Use: Scroll            |     4 |     7 |     3 ||    14
       Potion            |       |       |     7 ||     7
 Stab: Sleeping          |     1 |     4 |       ||     5
Armor: Skin              |    10 |     4 |     5 ||    19
Dodge: Dodged            |    32 |    20 |    17 ||    69

Table legend: (Time is in decaauts)
 A = Elapsed time spent in this place.
 B = Non-inter-level travel time spent in this place.
 C = Inter-level travel time spent in this place.
 D = Time resting spent in this place.
 E = Time spent auto-exploring this place.
 F = Levels seen in this place.
 G = Mean time per level.
                   A        B        C        D        E       F      G
               +--------+--------+--------+--------+--------+-----+--------+
         Total |   9422 |   9170 |    252 |   2918 |   5102 |   7 | 1346.0 |
       Dungeon |   9327 |   9086 |    241 |   2918 |   5068 |   6 | 1554.5 |
        Temple |     94 |     83 |     11 |      0 |     34 |   1 |   94.0 |
               +--------+--------+--------+--------+--------+-----+--------+

Top non-repeatable levels by time:
     D:6: 2257 daAuts
     D:5: 1989 daAuts
     D:1: 1547 daAuts
     D:2: 1372 daAuts
     D:4: 1347 daAuts
     D:3: 813 daAuts
  Temple: 94 daAuts

Table legend:
 A = Kills in this place as a percentage of kills in entire the game.
 B = Kills by you in this place as a percentage of kills by you in the entire game.
 C = Kills by friends in this place as a percentage of kills by friends in the entire game.
 D = Other kills in this place as a percentage of other kills in the entire game.
 E = Experience gained in this place as a percentage of experience gained in the entire game.
 F = Experience gained in this place divided by the number of levels of this place that you have seen.
                   A       B       C       D       E      F
               +-------+-------+-------+-------+-------+----------------------
         Total | 100.0 | 100.0 |   N/A |   N/A | 100.0 | 297.7
       Dungeon | 100.0 | 100.0 |   N/A |   N/A | 100.0 | 347.3
               +-------+-------+-------+-------+-------+----------------------
